 Dungeon Sprint DCSS version 0.16-a0-3803-gd4b2de5 (console) character file.

830 Monkaria the Carver (level 7, -4/75 HPs)
             Began as a Hill Orc Fighter on Jan 26, 2015.
             Was a Priest of Makhleb.
             Slain by a hill giant
             ... wielding a +0 giant spiked club
              (35 damage)
             ... in the Dungeon (Sprint IX: "|||||||||||||||||||||||||||||").
             The game lasted 00:01:42 (527 turns).

Monkaria the Carver (Hill Orc Fighter)               Turns: 527, Time: 00:01:42

Health: -4/75      AC: 13    Str: 21    XL:     7   Next: 97%
Magic:  7/7        EV:  5    Int:  8    God:    Makhleb [***...]
Gold:   0          SH:  9    Dex: 13    Spells: 0 memorised, 6 levels left

rFire  . . .     SeeInvis .     p - +2 scimitar (holy)
rCold  . . .     Clarity  .     t - +0 plate armour
rNeg   . . .     SustAb   .     c - +0 shield
rPois  .         Gourm    .     r - +0 helmet
rElec  .         Spirit   .     (no cloak)
rCorr  .         Warding  .     s - +0 pair of gloves
rMut   .         NoTele   +     (no boots)
MR     .....                    (no amulet)
Stlth  ..........               v - +2 ring of evasion
                                u - +3 ring of dexterity

@: not resistant to hostile enchantments, extremely unstealthy
A: no striking features
a: Minor Destruction, Lesser Servant of Makhleb, Renounce Religion


You were in the Dungeon.
You worshipped Makhleb.
Makhleb was most pleased with you.
You were not hungry.

You visited 1 branch

Inventory:

Hand weapons
 a - a +0 long sword
 p - a +2 scimitar of holy wrath (weapon)
 q - the +3 war axe of Qazlal's Supremacy {speed, rPois+ Dex+7}
   (You found it in the Dungeon)

   Attacks with this weapon are significantly faster.
   It affects your dexterity (+7).
   It protects you from poison.
Armour
 c - a +0 shield (worn)
 r - a +0 helmet (worn)
 s - a +0 pair of gloves (worn)
 t - a +0 plate armour (worn)
Jewellery
 u - a +3 ring of dexterity (left hand)
 v - a +2 ring of evasion (right hand)
Magical devices
 o - a wand of fire (7)
Scrolls
 k - 2 scrolls of blinking
 m - 3 scrolls of remove curse
 n - 2 scrolls of amnesia
Potions
 e - a potion of might
 f - 5 potions of curing
 g - 3 potions of heal wounds
 h - a potion of haste
 i - 4 potions of magic
 j - a potion of berserk rage
 l - a potion of invisibility
Comestibles
 d - a meat ration


   Skills:
 + Level 11.9 Fighting
 * Level 14.5 Long Blades
 - Level 3.2 Armour
 - Level 3.2 Shields


You had 6 spell levels left.
You didn't know any spells.

Dungeon Overview and Level Annotations

Branches:
Dungeon (1/1)

Altars:
Cheibriados
Dithmenos
Elyvilon
Fedhas
Gozag
Kikubaaqudgha
Makhleb
Nemelex Xobeh
Okawaru
Qazlal
Ru
Sif Muna
Trog
Vehumet
Xom
Yredelemnul
Zin
The Shining One
Beogh
Jiyva
Lugonu


Message History

You feel a little better.
Evoke which item? (* to show all) (? for menu, Esc to quit)
Okay, then.
You hit the hill giant.
The hill giant is lightly wounded.
You block the hill giant's attack.
You hit the hill giant.
The hill giant is lightly wounded.
You hit the hill giant.
The hill giant is lightly wounded.
The hill giant hits you with a giant spiked club!
You slash the hill giant!
The hill giant is moderately wounded.
You slash the hill giant!
The hill giant is heavily wounded.
You block the hill giant's attack.
You barely miss the hill giant.
The hill giant is heavily wounded.
The hill giant hits you with a giant spiked club!!
You die... ▓▓▓▓▓▓▓▓▓▓▓▓▓▓▓▓▓▓▓▓▓▓▓▓ +.....C@(.....'[....)|.. ▓▓▓▓▓▓▓▓▓▓▓▓▓▓▓▓▓▓▓▓▓▓▓▓

You could see a hill giant.

Vanquished Creatures
  A troll (D)
  A yak (D)
  2 hippogriffs (D)
  A water moccasin (D)
  A centaur (D)
  A quasit (D)
  An orc (D)
  A bat (D)
  A hobgoblin (D)
  A ball python (D)
  A ball python skeleton (D)
  A giant cockroach (D)
  A goblin (D)
  A kobold (D)
  A quokka skeleton (D)
  5 rats (D)
21 creatures vanquished.

Vanquished Creatures (others)
  A spatial maelstrom (D)
1 creature vanquished.

Grand Total: 22 creatures vanquished

Notes
Turn   | Place    | Note
--------------------------------------------------------------
     0 | D        | Monkaria, the Hill Orc Fighter, began the quest for the Orb.
     0 | D        | Reached XP level 1. HP: 19/19 MP: 1/1
    14 | D        | Reached skill level 4 in Fighting
    30 | D        | Reached XP level 2. HP: 18/27 MP: 2/2
    31 | D        | Banished a spatial maelstrom
   168 | D        | Found a glowing silver altar of Zin.
   168 | D        | Found a glowing golden altar of the Shining One.
   168 | D        | Found an ancient bone altar of Kikubaaqudgha.
   168 | D        | Found a basalt altar of Yredelemnul.
   168 | D        | Found a shimmering altar of Xom.
   168 | D        | Found a radiant altar of Vehumet.
   168 | D        | Found an iron altar of Okawaru.
   169 | D        | Found a burning altar of Makhleb.
   170 | D        | Found a deep blue altar of Sif Muna.
   171 | D        | Found a bloodstained altar of Trog.
   172 | D        | Found a sparkling altar of Nemelex Xobeh.
   173 | D        | Found a white marble altar of Elyvilon.
   174 | D        | Found a roughly hewn altar of Beogh.
   175 | D        | Found a viscous altar of Jiyva.
   176 | D        | Found a corrupted altar of Lugonu.
   177 | D        | Found a blossoming altar of Fedhas.
   178 | D        | Found a snail-covered altar of Cheibriados.
   180 | D        | Became a worshipper of Makhleb the Destroyer
   182 | D        | Found a shadowy altar of Dithmenos.
   183 | D        | Found a stormy altar of Qazlal.
   184 | D        | Found an opulent altar of Gozag.
   185 | D        | Found a sacrificial altar of Ru.
   205 | D        | Got the +3 war axe of Qazlal's Supremacy {speed, rPois+ Dex+7}
   244 | D        | Noticed a hippogriff
   244 | D        | Noticed a troll
   244 | D        | Noticed a water moccasin
   244 | D        | Noticed a quasit
   253 | D        | Killed a quasit
   253 | D        | Acquired Makhleb's first power
   253 | D        | Reached skill level 5 in Fighting
   253 | D        | Reached skill level 6 in Long Blades
   253 | D        | Reached XP level 3. HP: 27/36 MP: 3/3
   263 | D        | Killed a water moccasin
   263 | D        | Reached skill level 7 in Fighting
   263 | D        | Reached skill level 9 in Long Blades
   263 | D        | Reached XP level 4. HP: 30/48 MP: 4/4
   263 | D        | Reached XP level 5. HP: 33/53 MP: 5/5
   268 | D        | Killed a troll
   268 | D        | Reached skill level 12 in Long Blades
   268 | D        | Reached XP level 6. HP: 21/66 MP: 6/6
   269 | D        | Acquired Makhleb's second power
   276 | D        | Killed a hippogriff
   276 | D        | Reached skill level 10 in Fighting
   276 | D        | Reached XP level 7. HP: 26/73 MP: 7/7
   488 | D        | Noticed a hill giant
   488 | D        | Noticed a centaur
   488 | D        | Noticed a hippogriff
   488 | D        | Noticed a yak
   505 | D        | Killed a yak
   505 | D        | Reached skill level 13 in Long Blades
   506 | D        | Acquired Makhleb's third power
   513 | D        | Killed a hippogriff
   513 | D        | Reached skill level 14 in Long Blades
   520 | D        | Killed a centaur
   527 | D        | Slain by a hill giant

Action                   |  1- 3 |  4- 6 |  7- 9 || total
-------------------------+-------+-------+-------++-------
Melee: Long sword        |    24 |       |       ||    24
       Scimitar          |    19 |    13 |    37 ||    69
